 Dungeon Crawl Stone Soup version 0.27.0-1-g7a089689b8 (webtiles) character file.

Game seed: 1596351402646537084

144 avis the Chopper (level 5, -2/47 HPs)
             Began as a Hill Orc Monk on Aug 11, 2021.
             Succumbed to a scorpion's poison
             ... on level 4 of the Dungeon.
             The game lasted 00:10:29 (3218 turns).

avis the Chopper (Hill Orc Monk)                    Turns: 3218, Time: 00:10:30

Health: -2/47      AC:  8    Str: 13 (15) XL:     5   Next: 26%
Magic:  5/5        EV:  1    Int:  9 (10) God:
Gold:   128        SH: 10    Dex: 17 (19) Spells: 4/4 levels left

rFire    . . .     SeeInvis .   a - +0 hand axe
rCold    . . .     Faith    .   o - +0 tower shield
rNeg     . . .     Spirit   .   B - +0 chain mail
rPois    .         Reflect  .   (no helmet)
rElec    .         Harm     .   (no cloak)
rCorr    .         Rampage  .   (no gloves)
Will     +....                  (no boots)
Stlth    ..........             (no amulet)
HPRegen  0.15/turn              f - +6 ring of dexterity
MPRegen  0.09/turn              A - ring of willpower

@: lethally poisoned (-2 -> -20)
A: no striking features
a: no special abilities


You were on level 4 of the Dungeon.
You visited 1 branch of the dungeon, and saw 4 of its levels.

You collected 128 gold pieces.

Inventory:

Hand Weapons
 a - a +0 hand axe (weapon)
 t - a +0 spear
 v - a +0 hand crossbow
Missiles
 d - 46 sling bullets
 e - 17 stones (quivered)
 p - 12 arrows
Armour
 b - a +0 robe
 c - a +0 plate armour
 j - a +0 ring mail
 o - a +0 tower shield (worn)
 y - a +0 scale mail
 B - a +0 chain mail (worn)
Jewellery
 f - a +6 ring of dexterity (left hand)
 i - a +6 ring of intelligence
 q - a +6 ring of dexterity
 u - a ring of see invisible
 A - a ring of willpower (right hand)
Scrolls
 h - 3 scrolls of identify {unknown}
 k - a scroll of fog {unknown}
 l - a scroll of fear {unknown}
 m - a scroll of silence {unknown}
 n - a scroll of summoning {unknown}
 r - 2 scrolls of torment {unknown}
 w - 3 scrolls of teleportation {unknown}
 x - a scroll of magic mapping {unknown}
Potions
 s - a potion of brilliance {unknown}
 z - a potion of flight {unknown}


   Skills:
 + Level 4.8 Fighting
 * Level 6.8 Axes
 - Level 2.4 Dodging
 - Level 1.5 Stealth


You had 4 spell levels left.
You didn't know any spells.
Your spell library contained the following spells:

 Spells                   Type           Power      Damage    Failure   Level
 Blink                    Tloc           N/A        N/A       100%        2
 Manifold Assault         Tloc           0%         N/A       100%        5
 Storm Form               Tmut/Air       0%         N/A       100%        7


Dungeon Overview and Level Annotations

Branches:
Dungeon (4/15)
 Temple: D:4-7

Altars:
Okawaru

Shops:
D:1 [   D:2 :


Message History

You feel sick. You block the scorpion's attack. x2
You hit the scorpion but do no damage.
The scorpion is lightly wounded.
You feel sick. The scorpion stings you.
You closely miss the scorpion.
The scorpion is lightly wounded.
You feel sick.
You are no longer poisoned.
The scorpion stings you.
The scorpion stings you but does no damage.
You hit the scorpion.
The scorpion is moderately wounded.
The scorpion stings you.
You are poisoned.
The scorpion poisons you! You block the scorpion's attack.
You hit the scorpion but do no damage.
The scorpion is moderately wounded.
You feel very sick. You block the scorpion's attack.
You hit the scorpion.
The scorpion is heavily wounded.
You feel very sick.
The scorpion stings you but does no damage.
You block the scorpion's attack.
You hit the scorpion but do no damage.
The scorpion is heavily wounded.
You feel sick. You block the scorpion's attack.
The scorpion stings you but does no damage.
You hit the scorpion.
The scorpion is heavily wounded.
You feel sick. The scorpion stings you.
* * * LOW HITPOINT WARNING * * *
The scorpion stings you.
* * * LOW HITPOINT WARNING * * *
You are more poisoned.
The scorpion poisons you!
It was a potion of degeneration.
There was something very wrong with that liquid.
You feel weakened.
You feel dopey.
You feel clumsy.
You die...

..#.. #. ..#....##. #.........
. .......... $. ..........
#.### ............. #....###
#. ........###.
#####...####.#............
.........@s...#........<##
######'####..#..##.#.#...
##.....# #.#.###.#.####
##.....####....##.......
##.....###.#.............
##.....###..#..#.......###
#.....###...'..##...<..#
#####'####....#..##....#.###
##ยง#.....#.....#..###.>.#.#..


You could see a scorpion.

Vanquished Creatures
  A phantom (D:4)
  2 adders
  A worm (D:2)
  A dart slug (D:1)
  4 endoplasms
  3 giant cockroaches
  4 goblins
  5 hobgoblins
  6 jackals
  3 quokkas
  3 ball pythons
  4 bats
  3 frilled lizards
  3 kobolds
  2 rats (D:2)
45 creatures vanquished.

Notes
Turn   | Place    | Note
-------+----------+-------------------------------------------
     0 | D:1      | avis the Hill Orc Monk began the quest for the Orb.
     0 | D:1      | Reached XP level 1. HP: 19/19 MP: 1/1
   118 | D:1      | Found Qiaru's Antique Armour Emporium.
   360 | D:1      | Reached XP level 2. HP: 20/27 MP: 2/2
  1089 | D:2      | Found a faded altar of an unknown god.
  1324 | D:2      | Reached skill level 5 in Axes
  1350 | D:2      | Reached XP level 3. HP: 30/33 MP: 3/3
  1440 | D:2      | Found Nutuwk's Book Shop.
  2160 | D:3      | Found an iron altar of Okawaru.
  2606 | D:4      | Reached XP level 4. HP: 39/40 MP: 4/4
  2832 | D:4      | Reached skill level 6 in Axes
  2907 | D:4      | Noticed a phantom
  2935 | D:4      | Killed a phantom
  2936 | D:4      | Reached XP level 5. HP: 8/47 MP: 5/5
  3217 | D:4      | HP: 2/47 [scorpion (5)]
  3218 | D:4      | Succumbed to a scorpion's poison

Illustrated notes

Levels and vault maps discovered:
D:1:      pf_arrival_petrified_forest, layout_basic, serial_shops, shop
D:2:      layout_rooms, shapermc_ecumenical_altar_starsandcircs, serial_shops,
          shop
D:3:      layout_loops_ring, mainiacjoe_overflow_surrounded_room,
          minmay_fountain_box
D:4:      gammafunk_cloud_chamber, layout_rooms, fedhas_altar_1,
          tgw_kikubaaqudgha, nrook_campfire, minmay_quadrilaterals

Skill      XL: |  1  2  3  4 |
---------------+-------------+-----
Axes           | 5 6 |  6.8
Fighting       | 4 |  4.8
Dodging        | |  2.4
Stealth        | |  1.5

Action                   |  1- 3 |  4- 6 || total
-------------------------+-------+-------++-------
Melee: Hand axe          |   115 |    61 ||   176
  Use: Potion            |       |     1 ||     1
 Stab: Sleeping          |     2 |       ||     2
Armor: Plate armour      |    47 |       ||    47
       Robe              |     1 |       ||     1
       Ring mail         |     7 |       ||     7
       Chain mail        |       |    18 ||    18
       Scale mail        |       |     9 ||     9
Dodge: Dodged            |    18 |     4 ||    22
Block: Tower shield      |    41 |    37 ||    78
